 Dungeon Crawl Stone Soup version 0.27.0-1-g7a089689b8 (webtiles) character file.

Game seed: 2816461916971510320

11578 mainiacjoe the Geomancer (level 11, -6/121 HPs)
             Began as a Deep Elf Earth Elementalist on Aug 1, 2021.
             Was an Elder of Vehumet.
             Mangled by a killer bee (7 damage)
             ... in a Gauntlet.
             The game lasted 01:09:04 (13173 turns).

mainiacjoe the Geomancer (DEEE)                    Turns: 13173, Time: 01:09:06

Health: -6/121     AC: 29    Str:  5    XL:     11   Next: 51%
Magic:  9/27       EV:  2    Int: 30    God:    Vehumet [****..]
Gold:   486        SH:  0    Dex: 15    Spells: 10/30 levels left

rFire    . . .     SeeInvis .   b - +4 dagger (chaos)
rCold    . . .     Faith    .   (no shield)
rNeg     + + +     Spirit   .   (armour currently unavailable)
rPois    +         Reflect  .   (helmet currently unavailable)
rElec    .         Harm     .   (cloak currently unavailable)
rCorr    .         Rampage  .   (gloves currently unavailable)
Will     +....     NoTele   +   (boots currently unavailable)
Stlth    ..........             (no amulet)
HPRegen  0.30/turn              f - +6 ring of intelligence {=R}
MPRegen  0.20/turn              J - +4 ring of protection

@: brilliant, berserking, lethally poisoned (-6 -> -15), tree-form, very quick
A: stationary, stasis, torment immunity, boosted hp
a: Renounce Religion


You were in a Gauntlet.
You worshipped Vehumet.
Vehumet was greatly pleased with you.
You were a tree.
You visited 3 branches of the dungeon, and saw 12 of its levels.
You also visited: Gauntlet.

You collected 651 gold pieces.
You spent 165 gold pieces at shops.

Inventory:

Hand Weapons
 b - a +4 dagger of chaos (weapon)
 w - a +6 quick blade
Missiles
 c - 202 stones
 d - 12 atropa-tipped darts {=F}
 t - 7 javelins
 F - 8 boomerangs (quivered)
 I - a throwing net {=F}
 N - a curare-tipped dart {=F}
Armour
 g - a +1 cloak (melded)
 j - a +0 helmet (melded)
 p - a +2 robe of willpower (melded)
 u - a +1 pair of gloves (melded)
 O - a +1 robe of resistance
Magical Staves
 a - a staff of earth {!a}
Jewellery
 f - a +6 ring of intelligence (left branch) {=R}
 s - a ring of resist corrosion
 y - a ring of positive energy
 J - a +4 ring of protection (right branch)
Wands
 i - a wand of acid (23)
 A - a wand of polymorph (43)
 M - a wand of digging (6)
 R - a wand of iceblast (9)
Scrolls
 r - 2 scrolls of fog
 B - a scroll of blinking
Potions
 e - a potion of resistance {unknown}
 h - a potion of lignification
 l - a potion of attraction
 m - a potion of flight
 o - a potion of cancellation
 v - a potion of heal wounds
 z - a potion of berserk rage


   Skills:
 + Level 9.7 Short Blades
 - Level 2.4 Dodging
 - Level 10.0 Stealth
 - Level 10.0 Spellcasting
 - Level 4.0 Conjurations
 - Level 4.0 Necromancy
 - Level 4.0 Transmutations
 + Level 11.2 Earth Magic


You had 10 spell levels left.
You knew the following spells:

 Your Spells              Type           Power      Damage    Failure   Level
a - Sandblast             Erth           100%       2d20      1%          1
b - Passwall              Tmut/Erth      61%        N/A       1%          2
c - Stone Arrow           Conj/Erth      100%       3d13      1%          3
d - Petrify               Tmut/Erth      74%        N/A       1%          4
e - Lee's Rapid Deconstr  Erth           44%        3d22*     1%          5
f - Borgnjor's Vile Clut  Necr/Erth      37%        N/A       4%          5

Your spell library contained the following spells:

 Spells                   Type           Power      Damage    Failure   Level
 Airstrike                Air            11%        N/A       10%         4
 Pain                     Necr           100%       1d9       1%          1
 Inner Flame              Hex/Fire       22%        N/A       3%          3
 Cause Fear               Hex            11%        N/A       34%         4
 Alistair's Intoxication  Tmut/Pois      26%        N/A       38%         5
 Eringya's Noxious Bog    Tmut/Pois      20%        N/A       50%         6
 Discord                  Hex            11%        N/A       100%        8


Dungeon Overview and Level Annotations

Branches:
Dungeon (10/15)            Temple (1/1) D:7            Lair (1/6) D:8
    Orc (0/2) D:10        Gauntlet (1/1)

Altars:
Ashenzari
Cheibriados
Dithmenos
Elyvilon
Fedhas
Gozag
Hepliaklqana
Kikubaaqudgha
Makhleb
Nemelex Xobeh
Okawaru
Qazlal
Ru
Sif Muna
Trog
Uskayaw
Vehumet
Wu Jian
Xom
Yredelemnul
Zin
The Shining One
Jiyva
Lugonu

Shops:
D:4 ?

Annotations:
D:3 4 runed translucent doors, Crazy Yiuf; SweetAndFullOfGrace's ghost, amateur MiBe; pikapanic's ghost, amateur DsGl
D:5 dig vault guarded randart cloak
Lair:1 3 runed translucent doors, Sobieck's ghost, journeyman TeCj Gauntlet 13 transporters, 3 runed translucent doors


Message History

You continue meditating on the rock.
You feel very sick. The killer bee closely misses you. x2
You finish merging with the rock.
* * * LOW HITPOINT WARNING * * *
You feel very sick.
* * * LOW HITPOINT WARNING * * *
You feel very sick.
You kill the killer bee!
Vehumet accepts your kill.
You feel your power returning.
There is a transporter landing site here.
Really quaff the potion of lignification?
You turn into a tree.
Your +1 cloak melds into your body.
Your +0 helmet melds into your body.
Your +1 pair of gloves melds into your body.
Your +2 robe of willpower melds into your body.
You feel less strong-willed.
Your roots penetrate the ground.
You feel very sick.
The killer bee stings you but does no damage.
The queen bee calls on the killer bee to defend it!
The killer bee goes berserk!
The killer bee stings you.
* * * LOW HITPOINT WARNING * * *
You feel clever all of a sudden.
You feel sick.
The killer bee stings you but does no damage. x3
The queen bee stings you but does no damage.
The killer bee stings you.
* * * LOW HITPOINT WARNING * * *
You are lethally poisoned!
The killer bee poisons you! The killer bee stings you.
* * * LOW HITPOINT WARNING * * *
A red film seems to cover your vision as you go berserk!
You feel yourself moving faster!
You feel mighty!
* * * LOW HITPOINT WARNING * * *
You feel very sick.
The killer bee stings you but does no damage. x3
The queen bee completely misses you. The killer bee completely misses you.
The killer bee stings you!
You die...

#≈≈.#########.≈≈#
##≈.#8..©#....≈##
##.#©...#.8..##
##≈.#8..©#....≈##
#≈≈.#########.≈≈#
##≈.#.=.©...#.≈##
##.#.#y†.#.#.##
##≈.#.#yyy#.#.≈##
#≈≈.#.##♣##.#.≈≈#
##≈.#..#.#..#.≈##
##.####.####.##
##≈.#.......#.≈##
#≈≈.#########.≈≈#
##≈.....©.....≈##
##...........##
#≈...∩...∩...≈#
#≈≈≈#≈≈≈#≈≈≈#≈≈≈#


You could see a queen bee and 3 killer bees.

Vanquished Creatures
  A kobold demonologist (D:10)
  3 cane toads (Lair:1)
  Psyche (D:8)
  4 komodo dragons (Lair:1)
  A merfolk (D:9)
  2 hornets
  Grinder (D:3)
  5 slime creatures (D:10)
  Sigmund (D:6)
  A wyvern (D:9)
  16 yaks
  A steam dragon (D:9)
  Edmund (D:5)
  7 orc warriors
  A sky beast (D:6)
  2 black bears
  A necrophage (D:6)
  3 ogres
  3 centaurs
  A kobold brigand (D:10)
  3 bullfrogs
  A gnoll sergeant (D:8)
  3 scorpions
  A wyvern zombie (D:6)
  2 water moccasin skeletons
  8 killer bees
  11 wights
  An electric eel (D:9)
  2 centaur zombies (D:10)
  4 hounds
  2 jellies (D:5)
  9 orc priests
  Jessica (D:3)
  Terence (D:3)
  5 iguanas
  13 orc wizards
  A hound skeleton (D:4)
  A howler monkey zombie (D:9)
  8 adders
  12 gnolls
  An adder skeleton (D:4)
  3 dart slugs
  39 orcs
  9 ball pythons
  5 bats
  5 endoplasms
  4 giant cockroaches
  7 goblins
  8 hobgoblins
  8 jackals
  10 kobolds
  5 quokkas
  4 frilled lizards
  5 rats
258 creatures vanquished.

Vanquished Creatures (others)
  An orc wizard (D:4)
  3 plants (D:3)
  6 withered plants (D:3)
10 creatures vanquished.

Grand Total: 268 creatures vanquished

Notes
Turn   | Place    | Note
-------+----------+-------------------------------------------
     0 | D:1      | mainiacjoe the Deep Elf Earth Elementalist began the quest
                  | for the Orb.
     0 | D:1      | Reached XP level 1. HP: 10/10 MP: 6/6
   267 | D:1      | Reached XP level 2. HP: 15/15 MP: 8/8
   270 | D:1      | Learned a level 2 spell: Passwall
  1026 | D:1      | Reached XP level 3. HP: 13/19 MP: 9/9
  1030 | D:1      | Learned a level 3 spell: Stone Arrow
  1679 | D:2      | Reached skill level 4 in Earth Magic
  1993 | D:2      | Found a faded altar of an unknown god.
  2308 | D:3      | Reached XP level 4. HP: 17/24 MP: 6/10
  2412 | D:3      | Reached skill level 5 in Stealth
  2423 | D:3      | Noticed Terence
  2445 | D:3      | Found a white marble altar of Elyvilon.
  2583 | D:3      | Noticed Grinder
  2617 | D:3      | Paralysed by Grinder for 7 turns
  2634 | D:3      | Killed Grinder
  2635 | D:3      | Reached XP level 5. HP: 4/28 MP: 5/11
  2635 | D:3      | Reached XP level 6. HP: 5/32 MP: 5/12
  3075 | D:3      | Noticed Jessica
  3086 | D:3      | Killed Jessica
  3157 | D:3      | Found a runed translucent door.
  3158 | D:3      | Noticed Crazy Yiuf
  3393 | D:3      | Found a runed translucent gate.
  3393 | D:3      | Found a runed translucent gate.
  3397 | D:3      | Found a runed translucent gate.
  3398 | D:3      | Noticed SweetAndFullOfGrace's ghost (amateur MiBe)
  3398 | D:3      | Noticed pikapanic's ghost (amateur DsGl)
  3451 | D:3      | Learned a level 4 spell: Petrify
  3774 | D:3      | Killed Terence
  3957 | D:4      | Found a glowing silver altar of Zin.
  4150 | D:4      | Found Bymekaot's Magic Scroll Shoppe.
  4393 | D:4      | Reached skill level 5 in Earth Magic
  4699 | D:4      | Bought a scroll of fog for 20 gold pieces
  4699 | D:4      | Bought a scroll of identify for 20 gold pieces
  4699 | D:4      | Bought a scroll of identify for 20 gold pieces
  4699 | D:4      | Bought a scroll of noise for 10 gold pieces
  4699 | D:4      | Bought a scroll of identify for 20 gold pieces
  4963 | D:4      | Found an ancient bone altar of Kikubaaqudgha.
  4967 | D:4      | Reached XP level 7. HP: 36/36 MP: 13/15
  4968 | D:4      | Found a radiant altar of Vehumet.
  4973 | D:4      | Found a shimmering blue altar of Sif Muna.
  4977 | D:4      | Got Kikubaaqudgha's Reference Book on Stolen Souls
  4992 | D:4      | Became a worshipper of Vehumet
  5072 | D:4      | Found a shadowy altar of Dithmenos.
  5210 | D:4      | Reached skill level 6 in Earth Magic
  5226 | D:4      | Learned a level 5 spell: Lee's Rapid Deconstruction
  5546 | D:4      | Identified a scroll of acquirement
  5547 | D:4      | Acquired a staff of earth
  5585 | D:4      | Reached skill level 7 in Earth Magic
  6004 | D:5      | Entered Level 5 of the Dungeon
  6157 | D:4      | Bought a scroll of enchant armour for 75 gold pieces
  6316 | D:5      | Noticed a gargoyle
  6317 | D:5      | Noticed a two-headed ogre
  6337 | D:5      | Reached skill level 8 in Earth Magic
  6337 | D:5      | Reached XP level 8. HP: 41/41 MP: 12/16
  6516 | D:5      | Found an ornate altar of the Wu Jian Council.
  6570 | D:5      | Reached skill level 1 in Short Blades
  6723 | D:5      | Noticed Edmund
  6735 | D:5      | Killed Edmund
  6799 | D:5      | Reached * piety under Vehumet
  6799 | D:5      | Offered knowledge of Freeze by Vehumet.
  6891 | D:5      | Found an iron altar of Okawaru.
  6892 | D:5      | Found a bloodstained altar of Trog.
  7051 | D:6      | Noticed Sigmund
  7263 | D:6      | Reached skill level 9 in Earth Magic
  7384 | D:6      | Killed Sigmund
  7672 | D:6      | Found an opulent altar of Gozag.
  7672 | D:6      | Found a sparkling altar of Nemelex Xobeh.
  7692 | D:6      | Reached XP level 9. HP: 37/45 MP: 7/17
  8104 | D:7      | Reached skill level 5 in Short Blades
  8135 | D:7      | Reached skill level 10 in Earth Magic
  8428 | D:7      | Found a staircase to the Ecumenical Temple.
  8434 | Temple   | Entered the Ecumenical Temple
  8688 | D:7      | Offered knowledge of Static Discharge by Vehumet.
  9145 | D:8      | Noticed Psyche
  9153 | D:8      | Killed Psyche
  9157 | D:8      | Reached ** piety under Vehumet
  9158 | D:8      | Reached skill level 5 in Spellcasting
  9695 | D:8      | Acquired a +3 quick blade
  9833 | D:8      | Found a staircase to the Lair.
 10038 | D:9      | Reached XP level 10. HP: 50/50 MP: 18/22
 10348 | D:9      | Learned a level 5 spell: Borgnjor's Vile Clutch
 10457 | D:9      | Reached skill level 1 in Necromancy
 10561 | D:9      | Offered knowledge of Dazzling Flash by Vehumet.
 11149 | D:9      | Found a blossoming altar of Fedhas.
 11154 | D:9      | Found a glowing golden altar of the Shining One.
 11155 | D:9      | Found a broken altar of Ashenzari.
 11165 | D:9      | Found a sacrificial altar of Ru.
 11173 | D:9      | Found a snail-covered altar of Cheibriados.
 11299 | D:9      | Reached *** piety under Vehumet
 11361 | D:10     | Entered Level 10 of the Dungeon
 11925 | D:10     | Offered knowledge of Sticky Flame by Vehumet.
 11926 | D:10     | Reached skill level 10 in Spellcasting
 11982 | D:10     | Reached XP level 11. HP: 54/54 MP: 22/27
 11994 | D:10     | Reached skill level 10 in Stealth
 12298 | D:10     | Found a staircase to the Orcish Mines.
 12353 | D:10     | Reached **** piety under Vehumet
 12539 | Lair:1   | Entered Level 1 of the Lair of Beasts
 12547 | Lair:1   | Found a runed translucent gate.
 12548 | Lair:1   | Found a runed translucent gate.
 12549 | Lair:1   | Found a runed translucent gate.
 12553 | Lair:1   | Noticed Sobieck's ghost (journeyman TeCj)
 12558 | Lair:1   | Found a viscous altar of Jiyva.
 12614 | Lair:1   | Offered knowledge of Airstrike by Vehumet.
 12622 | Lair:1   | Reached skill level 11 in Earth Magic
 12658 | Lair:1   | Found a gate leading to a gauntlet.
 12709 | Gauntlet | Entered a Gauntlet
 12709 | Gauntlet | Found a transporter.
 12777 | Gauntlet | Found a transporter.
 12780 | Gauntlet | Found a transporter.
 12781 | Gauntlet | Found a transporter.
 12785 | Gauntlet | Found a runed translucent door.
 12785 | Gauntlet | Found a runed translucent door.
 12789 | Gauntlet | Found a transporter.
 12792 | Gauntlet | Found a transporter.
 12793 | Gauntlet | Found a transporter.
 12802 | Gauntlet | Found a transporter.
 12805 | Gauntlet | Found a transporter.
 12806 | Gauntlet | Found a transporter.
 12814 | Gauntlet | Found a transporter.
 12815 | Gauntlet | Noticed a wretched star
 12817 | Gauntlet | Found a transporter.
 12818 | Gauntlet | Found a transporter.
 12820 | Gauntlet | Noticed a glowing orange brain
 12825 | Gauntlet | Found a runed translucent door.
 12826 | Gauntlet | Noticed a glowing orange brain
 12828 | Gauntlet | Found a transporter.
 12828 | Gauntlet | Noticed a purple ugly thing
 13172 | Gauntlet | HP: 3/81 [killer bee (6)]
 13173 | Gauntlet | HP: 1/121 [poisoned by a killer bee]
 13173 | Gauntlet | Mangled by a killer bee

Illustrated notes

Levels and vault maps discovered:
D:1:      minmay_arrival_solitary_statue, layout_loops_ring
D:2:      layout_rooms, ebering_ecumenical_altar_rust
D:3:      layout_loops_ring, nicolae_elyvilon_temple_path,
          gammafunk_ghost_cemetery, uniq_terence, uniq_crazy_yiuf_cottage,
          uniq_jessica, uniq_grinder
D:4:      layout_basic, grunt_temple_overflow_magic_moments,
          grunt_dithmenos_smoke_and_mirrors, zin_academy, serial_shops, shop
D:5:      layout_basic, grunt_temple_overflow_bloody_war, lemuel_doored_altar,
          lightli_corner_chamber, uniq_edmund
D:6:      layout_loops_cross, grunt_temple_overflow_opulence, hex_medium,
          uniq_sigmund
D:7:      layout_cave_pods, minmay_temple_entry_enclosed_plants, sigmund_army
D:8:      layout_loops_cross, lair_entry_dummy, minmay_misc_feat_hallway,
          uniq_psyche
D:9:      layout_loops_cross, minmay_overflow_temple_star_hex,
          minmay_misc_feat_diagonals, minmay_crystal_water, minmay_holes,
          hangedman_fish_farm
D:10:     layout_rooms, david_orc_4
Temple:   corrupted_temple
Lair:1:   layout_small_grid, gauntlet_entry_generic, gammafunk_ghost_ooze
Gauntlet: gammafunk_gauntlet_77_escape_option [minmay_gauntlet_arena_77_mirror,
          minmay_gauntlet_arena_77_shame_cube,
          minmay_gauntlet_arena_77_checkered,
          minmay_gauntlet_arena_77_tiled_triplets,
          minmay_gauntlet_arena_77_path, gauntlet_exit_hidden_loot]

Skill      XL: |  1  2  3  4  5  6  7  8  9 10 11 |
---------------+----------------------------------+-----
Stealth        | 3 4 6 8 9 10 | 10.0
Earth Magic    | 4 5 8 9 10 11 | 11.2
Conjurations   | 4 |  4.0
Spellcasting   | 4 6 10 | 10.0
Transmutations | 3 4 |  4.0
Short Blades   | 4 7 8 9 |  9.7
Necromancy     | 4 |  4.0
Dodging        | |  2.4

Action                   |  1- 3 |  4- 6 |  7- 9 | 10-12 || total
-------------------------+-------+-------+-------+-------++-------
Melee: Club              |     6 |       |       |       ||     6
       Unarmed           |     2 |       |       |       ||     2
       Dagger            |    25 |    40 |    69 |    36 ||   170
       War axe           |    26 |       |       |       ||    26
       Whip              |    38 |    53 |     9 |       ||   100
       Quick blade       |       |       |    11 |    58 ||    69
Throw: Boomerang         |       |       |     1 |       ||     1
       Throwing net      |       |       |       |     1 ||     1
 Cast: Sandblast         |    12 |    12 |    19 |    14 ||    57
       Passwall          |     9 |     5 |     8 |     5 ||    27
       Stone Arrow       |       |     8 |    55 |    25 ||    88
       Petrify           |       |       |     8 |    28 ||    36
       Lee's Rapid Decon |       |       |     9 |    24 ||    33
  Use: Scroll            |       |     5 |     9 |     4 ||    18
       Potion            |       |     1 |     1 |     4 ||     6
 Stab: Sleeping          |    14 |     7 |    15 |     6 ||    42
       Petrified         |       |       |    13 |    17 ||    30
       Petrifying        |       |       |       |     1 ||     1
Armor: Leather armour    |    27 |    20 |    13 |       ||    60
       Robe              |       |       |     6 |    31 ||    37
       Skin              |       |       |       |     8 ||     8
Dodge: Dodged            |    52 |    38 |    49 |    37 ||   176
